[Event "Eurasia Open Cup 2019"]
[Site "Ekaterinburg"]
[Date "2019.07.31"]
[Round "1.1"]
[White "Alekseev, Evgeny"]
[Black "Tyurin, Ilya"]
[Result "1-0"]
[ECO "B13"]
[WhiteElo "2645"]
[BlackElo "2168"]
[Annotator "RC"]
[PlyCount "169"]
[EventDate "2019.07.31"]
[EventType "swiss"]
[EventCountry "RUS"]
[SourceTitle "playchess.com"]
[Source "ChessBase"]
[SourceQuality "1"]
[TimeControl "5400+30"]

1. e4 c6 2. d4 d5 3. exd5 cxd5 4. Bd3 Nc6 5. c3 Qc7 6. h3 g6 7. Nf3 Bf5 8. O-O Nf6 9. Re1 Bxd3 10. Qxd3 Bg7 11. Nbd2 O-O 12. Nb3 Ne4 13. Ng5 Nxg5 14. Bxg5 e6 15. Re2 Na5 16. Nc1 Qc4 17. Qf3 f6 18. b3 Qc6 19. Bd2 e5 20. dxe5 fxe5 21. Qe3 e4 22. Re1 Qd6 23. Ne2 Nc6 24. Rad1 Ne5 25. Qg3 Qa6 26. Nc1 Rad8 27. Be3 Nc6 28. Bg5 Bf6 29. Bxf6 Rxf6 30. c4 Qa5 31. cxd5 Rxd5 32. Qe3 Rfd6 33. Rxd5 Qxd5 34. Ne2 Qd2 35. Nc3 Qxe3 36. Rxe3 Rd2 37. a3 Rb2 38. Nxe4 Nd4 39. b4 Ra2 40. Rd3 Ne6 41. Rd7 h5 42. Rxb7 Rxa3 43. h4 Rb3 44. Nf6+ Kf8 45. Nd7+ Kg8 46. Ne5 Nf4 47. g3 Rb1+ 48. Kh2 Nd5 49. Rxa7 Rxb4 50. Nxg6 Nf6 51. Ra2 Rb3 52. Nf4 Rb5 53. Kg2 Kg7 54. Ra7+ Kh6 55. Re7 Ra5 56. Re6 Kg7 57. Nd3 Rd5 58. Re3 Ng4 59. Re7+ Kh6 60. Re6+ Kg7 61. Nf4 Rd2 62. Nxh5+ Kh8 63. Re8+ Kh7 64. Kf3 Nxf2 65. Nf6+ Kg6 66. Ne4 Nxe4 67. Rxe4 Rd6 68. Kg4 Ra6 69. h5+ Kh6 70. Kh4 Ra5 71. g4 Kg7 72. Re6 Rb5 73. Rc6 Ra5 74. h6+ Kh7 75. g5 Ra1 76. Rc7+ Kg8 77. Kh5 Ra8 78. Re7 Rb8 79. Rd7 Ra8 80. g6 Ra5+ 81. Kg4 Ra4+ 82. Kf5 Ra8 83. Ke6 Kh8 84. Ke7 Rg8 85. Rd8 1-0

[Event "Eurasia Open Cup 2019"]
[Site "Ekaterinburg"]
[Date "2019.07.31"]
[Round "1.4"]
[White "Miroshnik, Ekaterina"]
[Black "Pridorozhni, Aleksei"]
[Result "0-1"]
[ECO "A21"]
[WhiteElo "2103"]
[BlackElo "2586"]
[Annotator "ChessBase"]
[PlyCount "110"]
[EventDate "2019.07.31"]
[EventType "swiss"]
[EventCountry "RUS"]
[SourceTitle "playchess.com"]
[Source "ChessBase"]
[SourceQuality "1"]
[TimeControl "5400+30"]

1. d4 d6 2. c4 e5 3. e3 f5 4. Nf3 e4 5. Nfd2 Nf6 6. Nc3 g6 7. Be2 Bg7 8. O-O O-O 9. Qc2 c6 10. b4 Be6 11. a4 Nbd7 12. Rb1 g5 13. f3 d5 14. cxd5 Nxd5 15. Nc4 N7f6 16. Nxd5 cxd5 17. Ne5 exf3 18. Bxf3 g4 19. Bd1 Rc8 20. Qd3 Ne4 21. Bb2 Rc7 22. Bb3 Qh4 23. Rbe1 Rfc8 24. Qe2 Bh6 25. Nd3 b6 26. b5 Qe7 27. Rc1 Bg5 28. Rxc7 Rxc7 29. Rc1 h5 30. Rxc7 Qxc7 31. Ne5 Qd6 32. Qe1 h4 33. Bc1 Qc7 34. Bd2 h3 35. g3 Bf6 36. Nc6 Kg7 37. Bb4 a6 38. Kh1 Bg5 39. Ba3 axb5 40. axb5 Qc8 41. Bb4 Kh6 42. Kg1 Kh5 43. Kh1 Qh8 44. Ba3 Qh6 45. Bc1 Qf8 46. Bb2 Qh6 47. Bc1 Nd6 48. Qe2 Nc4 49. Bxc4 dxc4 50. Nb4 Qf8 51. Bd2 Qa8+ 52. Kg1 c3 53. Bc1 Bc4 54. Qf2 Qe4 55. Nc2 Bxb5 0-1

[Event "Eurasia Open Cup 2019"]
[Site "Ekaterinburg"]
[Date "2019.07.31"]
[Round "1.5"]
[White "Shaposhnikov, Evgeny"]
[Black "Fomin, Pavel V."]
[Result "1/2-1/2"]
[ECO "A39"]
[WhiteElo "2575"]
[BlackElo "2103"]
[Annotator "ChessBase"]
[PlyCount "77"]
[EventDate "2019.07.31"]
[EventType "swiss"]
[EventCountry "RUS"]
[SourceTitle "playchess.com"]
[Source "ChessBase"]
[SourceQuality "1"]
[TimeControl "5400+30"]

1. Nf3 Nf6 2. c4 c5 3. Nc3 g6 4. d4 cxd4 5. Nxd4 Bg7 6. g3 O-O 7. Bg2 Nc6 8. O-O Nxd4 9. Qxd4 d6 10. Qd3 Nd7 11. b3 Nc5 12. Qe3 Bd7 13. Bd2 Bc6 14. Rac1 e5 15. Nd5 Ne6 16. Bc3 Qd7 17. Qd2 f5 18. e3 Rad8 19. Rcd1 e4 20. Qc2 Nc5 21. Bxg7 Qxg7 22. Rd4 Nd3 23. Qd2 Rfe8 24. Rd1 Re6 25. Nb4 Nxb4 26. Qxb4 Qe5 27. c5 d5 28. Qa5 Qb8 29. b4 b6 30. cxb6 axb6 31. Qa3 Qa8 32. Qb2 Qa4 33. Rc1 Ra8 34. b5 Qxb5 35. Rb4 Qa5 36. Rxb6 Rc8 37. Bf1 Bd7 38. Rxe6 Rxc1 39. Re7 1/2-1/2

[Event "Eurasia Open Cup 2019"]
[Site "Ekaterinburg"]
[Date "2019.07.31"]
[Round "1.6"]
[White "Kolomensky, Vladimir"]
[Black "Bocharov, Ivan"]
[Result "0-1"]
[ECO "B92"]
[WhiteElo "2101"]
[BlackElo "2559"]
[Annotator "ChessBase"]
[PlyCount "62"]
[EventDate "2019.07.31"]
[EventType "swiss"]
[EventCountry "RUS"]
[SourceTitle "playchess.com"]
[Source "ChessBase"]
[SourceQuality "1"]
[TimeControl "5400+30"]

1. e4 c5 2. Nf3 d6 3. d4 cxd4 4. Nxd4 Nf6 5. Nc3 a6 6. Be2 e5 7. Nb3 Be6 8. f4 exf4 9. Bxf4 Nc6 10. O-O Be7 11. Kh1 Rc8 12. Qe1 Ne5 13. Rd1 Qc7 14. Nd4 O-O 15. Qg3 Rfe8 16. Be3 Qa5 17. Nxe6 fxe6 18. Bd4 Kh8 19. a3 Bd8 20. Bd3 Bb6 21. Qe3 Bxd4 22. Qxd4 Rc6 23. Ne2 Qb6 24. h3 Kg8 25. Kh2 Rec8 26. Kh1 Kf7 27. Rd2 Ke7 28. Rf2 Qxd4 29. Nxd4 Rb6 30. b3 Rc3 31. Rfe2 Nh5 0-1

[Event "Eurasia Open Cup 2019"]
[Site "Ekaterinburg"]
[Date "2019.07.31"]
[Round "1.9"]
[White "Sargsyan, Shant"]
[Black "Chekletsov, Egor"]
[Result "1-0"]
[ECO "A43"]
[WhiteElo "2529"]
[BlackElo "2088"]
[Annotator "ChessBase"]
[PlyCount "81"]
[EventDate "2019.07.31"]
[EventType "swiss"]
[EventCountry "RUS"]
[SourceTitle "playchess.com"]
[Source "ChessBase"]
[SourceQuality "1"]
[TimeControl "5400+30"]

1. d4 Nf6 2. Nf3 c5 3. d5 g6 4. Nc3 Bg7 5. e4 d6 6. Bb5+ Bd7 7. a4 O-O 8. O-O Bg4 9. h3 Bxf3 10. Qxf3 a6 11. Be2 Nbd7 12. Qf4 Qc7 13. Qh4 Rfc8 14. Bh6 Bh8 15. a5 Rcb8 16. Ra2 b5 17. axb6 Rxb6 18. Bd2 c4 19. Rfa1 Rab8 20. Bc1 Nc5 21. Na4 Nxa4 22. Rxa4 c3 23. b3 Rb4 24. Rxb4 Rxb4 25. Bc4 a5 26. Be3 a4 27. f3 axb3 28. cxb3 h5 29. Bd4 Rxc4 30. bxc4 Qxc4 31. Qf2 c2 32. Qd2 Kh7 33. Bxf6 Bxf6 34. Rc1 Bd4+ 35. Kh1 Be5 36. f4 Bg7 37. Qxc2 Qd4 38. Qe2 Bh6 39. Rf1 h4 40. Qe1 Qf6 41. e5 1-0

[Event "Eurasia Open Cup 2019"]
[Site "Ekaterinburg"]
[Date "2019.07.31"]
[Round "1.10"]
[White "Bogachkova, Alena"]
[Black "Kunin, Vitaly"]
[Result "0-1"]
[ECO "C41"]
[WhiteElo "2085"]
[BlackElo "2527"]
[Annotator "ChessBase"]
[PlyCount "66"]
[EventDate "2019.07.31"]
[EventType "swiss"]
[EventCountry "RUS"]
[SourceTitle "playchess.com"]
[Source "ChessBase"]
[SourceQuality "1"]
[TimeControl "5400+30"]

1. e4 d6 2. d4 Nf6 3. Nc3 Nbd7 4. Nf3 e5 5. g3 c6 6. a4 Be7 7. Bg2 O-O 8. h3 d5 9. Nxe5 Nxe4 10. Nxe4 dxe4 11. Nxd7 Bxd7 12. Bxe4 Bb4+ 13. Kf1 Re8 14. Qd3 g6 15. c3 Bd6 16. Bd2 Be6 17. Kg2 Qd7 18. h4 f5 19. Bf3 Qf7 20. h5 Bc4 21. hxg6 hxg6 22. Qb1 Be2 23. Qa2 Bc4 24. Qb1 Be2 25. Qa2 Bxf3+ 26. Kxf3 Re6 27. Bf4 Bxf4 28. gxf4 Rae8 29. Qa3 Kg7 30. Rh4 Re1 31. Rxe1 Qd5+ 32. Kg3 Rxe1 33. Rh2 Rg1+ 0-1

[Event "Eurasia Open Cup 2019"]
[Site "Ekaterinburg"]
[Date "2019.07.31"]
[Round "1.11"]
[White "Moiseenko, Vadim"]
[Black "Zharkov, Nikolay"]
[Result "1-0"]
[ECO "B90"]
[WhiteElo "2523"]
[BlackElo "2067"]
[Annotator "ChessBase"]
[PlyCount "105"]
[EventDate "2019.07.31"]
[EventType "swiss"]
[EventCountry "RUS"]
[SourceTitle "playchess.com"]
[Source "ChessBase"]
[SourceQuality "1"]
[TimeControl "5400+30"]

1. e4 c5 2. Nf3 d6 3. d4 Nf6 4. Nc3 cxd4 5. Nxd4 a6 6. Be3 e5 7. Nf3 Be7 8. Bc4 Be6 9. Bb3 Nbd7 10. O-O Rc8 11. Qe2 Nc5 12. Bxe6 Nxe6 13. Rfd1 Qc7 14. Bg5 Nxg5 15. Nxg5 O-O 16. a4 Qb6 17. Ra3 Rc5 18. Rb3 Qc7 19. Rd3 h6 20. Nf3 Rd8 21. Nh4 g6 22. Qe3 Bf8 23. Qf3 Bg7 24. g3 Rc4 25. Ng2 d5 26. Nxd5 Rxd5 27. Rxd5 Nxd5 28. exd5 Rxa4 29. Ne3 e4 30. Qf4 Qxf4 31. gxf4 b5 32. c4 b4 33. c5 Bf8 34. d6 Ra5 35. d7 Be7 36. Rxb4 Rxc5 37. Rb8+ Kg7 38. d8=Q Bxd8 39. Rxd8 Rb5 40. Rd2 g5 41. f5 h5 42. Kg2 Rb3 43. Kg3 a5 44. h4 f6 45. Kg2 a4 46. Rd4 Rxb2 47. Rxa4 gxh4 48. Rxe4 h3+ 49. Kg3 h2 50. Rh4 Kh6 51. Rxh2 Rb4 52. Rh4 Rb8 53. Ng4+ 1-0

[Event "Eurasia Open Cup 2019"]
[Site "Ekaterinburg"]
[Date "2019.07.31"]
[Round "1.12"]
[White "Abramov, Ilya"]
[Black "Khanin, Semen"]
[Result "1-0"]
[ECO "E10"]
[WhiteElo "2065"]
[BlackElo "2517"]
[Annotator "ChessBase"]
[PlyCount "97"]
[EventDate "2019.07.31"]
[EventType "swiss"]
[EventCountry "RUS"]
[SourceTitle "playchess.com"]
[Source "ChessBase"]
[SourceQuality "1"]
[TimeControl "5400+30"]

1. d4 Nf6 2. c4 e6 3. Nf3 a6 4. Bg5 d5 5. e3 dxc4 6. Bxc4 b5 7. Be2 Bb7 8. O-O Nbd7 9. a4 c6 10. Nbd2 Qb6 11. Qb3 h6 12. Bh4 Be7 13. Ne5 Nxe5 14. dxe5 Nd7 15. Bxe7 Kxe7 16. Rac1 Rhd8 17. f4 Nc5 18. Qb4 a5 19. Nc4 axb4 20. Nxb6 Nxa4 21. Nxa8 Bxa8 22. Rfd1 Bb7 23. Kf2 b3 24. Rxd8 Kxd8 25. Ke1 b4 26. Kd2 Kc7 27. Bd1 Nxb2 28. Bxb3 Ba6 29. Rb1 Nd3 30. Bc2 Nc5 31. Rxb4 Bb5 32. Kc3 g6 33. Rb1 h5 34. Kd4 Kb6 35. g3 Na6 36. Bd3 Nc5 37. Bc4 Na6 38. e4 Nc5 39. f5 g5 40. h3 h4 41. g4 Na4 42. fxe6 fxe6 43. Bxe6 Kc7 44. Bc4 c5+ 45. Kd3 Bc6 46. Bd5 Bd7 47. Rb7+ Kc8 48. Ra7 Bb5+ 49. Kc2 1-0

[Event "Eurasia Open Cup 2019"]
[Site "Ekaterinburg"]
[Date "2019.07.31"]
[Round "1.13"]
[White "Vokhidov, Shamsiddin"]
[Black "Lysenko, Maria"]
[Result "1-0"]
[ECO "B31"]
[WhiteElo "2515"]
[BlackElo "2064"]
[Annotator "ChessBase"]
[PlyCount "55"]
[EventDate "2019.07.31"]
[EventType "swiss"]
[EventCountry "RUS"]
[SourceTitle "playchess.com"]
[Source "ChessBase"]
[SourceQuality "1"]
[TimeControl "5400+30"]

1. e4 c5 2. Nf3 Nc6 3. Bb5 g6 4. O-O Bg7 5. Re1 Nf6 6. e5 Nd5 7. Nc3 Nc7 8. Bxc6 dxc6 9. Ne4 Ne6 10. d3 O-O 11. Be3 b6 12. Qd2 f5 13. exf6 exf6 14. Bh6 Nd4 15. Nxd4 cxd4 16. Bxg7 Kxg7 17. Qf4 Qd7 18. Nd6 Rd8 19. Ne4 Qf5 20. Qh4 g5 21. Qh5 Qg6 22. Qf3 Qf5 23. Qe2 Ba6 24. Ng3 Qd7 25. Qf3 Kf7 26. Nf5 Re8 27. Qh3 Kf8 28. Qh6+ 1-0

[Event "Eurasia Open Cup 2019"]
[Site "Ekaterinburg"]
[Date "2019.07.31"]
[Round "1.14"]
[White "Gerasimov, Aleksander"]
[Black "Afanasiev, Nikita"]
[Result "0-1"]
[ECO "A40"]
[WhiteElo "2056"]
[BlackElo "2514"]
[Annotator "ChessBase"]
[PlyCount "28"]
[EventDate "2019.07.31"]
[EventType "swiss"]
[EventCountry "RUS"]
[SourceTitle "playchess.com"]
[Source "ChessBase"]
[SourceQuality "1"]
[TimeControl "5400+30"]

1. d4 g6 2. c4 Bg7 3. Nc3 c5 4. d5 Bxc3+ 5. bxc3 f5 6. Nf3 Qa5 7. Qc2 Nf6 8. e3 d6 9. Be2 Nfd7 10. O-O Rg8 11. Nd2 Nb6 12. a4 e5 13. f3 N6d7 14. Nb3 Qd8 0-1

[Event "Eurasia Open Cup 2019"]
[Site "Ekaterinburg"]
[Date "2019.07.31"]
[Round "1.15"]
[White "Bocharov, Dmitry"]
[Black "Karpytchev, Vladimir"]
[Result "1-0"]
[ECO "D53"]
[WhiteElo "2506"]
[BlackElo "2043"]
[Annotator "ChessBase"]
[PlyCount "87"]
[EventDate "2019.07.31"]
[EventType "swiss"]
[EventCountry "RUS"]
[SourceTitle "playchess.com"]
[Source "ChessBase"]
[SourceQuality "1"]
[TimeControl "5400+30"]

1. Nf3 Nf6 2. c4 e6 3. Nc3 d5 4. d4 dxc4 5. Bg5 Be7 6. e3 O-O 7. Bxc4 a6 8. O-O b5 9. Bd3 Bb7 10. Bxf6 Bxf6 11. Be4 Bd5 12. Qc2 g6 13. Bxd5 exd5 14. Rac1 Re8 15. Rfd1 c6 16. Ne2 Qd6 17. Nf4 Rc8 18. Qc5 Qd8 19. Nxd5 Nd7 20. Nxf6+ Qxf6 21. Qc3 Qe6 22. Qa3 Qd5 23. b4 Nb6 24. Ne5 f6 25. Rc5 Qe6 26. Nd3 a5 27. bxa5 Nc4 28. Qb3 Rxa5 29. d5 Qd6 30. Rxc6 Rxc6 31. dxc6 Qxc6 32. Nb4 Qe6 33. Nd5 Kg7 34. h3 Qe5 35. Nf4 Qb2 36. Rd7+ Kh6 37. Qxb2 Nxb2 38. Nd5 Ra6 39. Rb7 Nd3 40. Rxb5 f5 41. Rb3 Nc1 42. Rb7 Nxa2 43. f4 Re6 44. g4 1-0

[Event "Eurasia Open Cup 2019"]
[Site "Ekaterinburg"]
[Date "2019.07.31"]
[Round "1.16"]
[White "Osipov, Igor"]
[Black "Burmakin, Vladimir"]
[Result "0-1"]
[ECO "D36"]
[WhiteElo "2030"]
[BlackElo "2506"]
[Annotator "ChessBase"]
[PlyCount "89"]
[EventDate "2019.07.31"]
[EventType "swiss"]
[EventCountry "RUS"]
[SourceTitle "playchess.com"]
[Source "ChessBase"]
[SourceQuality "1"]
[TimeControl "5400+30"]

1. d4 Nf6 2. c4 e6 3. Nc3 d5 4. cxd5 exd5 5. Bg5 c6 6. e3 Be7 7. Bd3 Nbd7 8. Qc2 Nf8 9. Nf3 Ne6 10. Bh4 g6 11. Ne2 Ng7 12. Ng3 Qa5+ 13. Nd2 Be6 14. O-O Qd8 15. Nf3 O-O 16. Ne5 Nfe8 17. Bxe7 Qxe7 18. Rab1 Nd6 19. b4 Rfc8 20. Qa4 Nc4 21. Nf3 b5 22. Qd1 a5 23. bxa5 Rxa5 24. Ra1 Rca8 25. Qc2 Qa7 26. Bxc4 bxc4 27. Rfb1 Nf5 28. Rb2 Nxg3 29. hxg3 Bf5 30. Qc1 Ra3 31. Ne5 c3 32. Re2 Qa6 33. Qe1 f6 34. g4 Be6 35. Nf3 Bxg4 36. Rc2 Qd3 37. Rac1 Bxf3 38. gxf3 Qf5 39. f4 Qg4+ 40. Kf1 Qf3 41. Kg1 Kg7 42. Rxc3 Rxa2 43. R3c2 h5 44. Qf1 Qg4+ 45. Qg2 0-1

[Event "Eurasia Open Cup 2019"]
[Site "Ekaterinburg"]
[Date "2019.07.31"]
[Round "1.17"]
[White "Gleizerov, Evgeny"]
[Black "Kozlov, Denis"]
[Result "1-0"]
[ECO "E18"]
[WhiteElo "2498"]
[BlackElo "2013"]
[Annotator "ChessBase"]
[PlyCount "41"]
[EventDate "2019.07.31"]
[EventType "swiss"]
[EventCountry "RUS"]
[SourceTitle "playchess.com"]
[Source "ChessBase"]
[SourceQuality "1"]
[TimeControl "5400+30"]

1. d4 Nf6 2. c4 e6 3. g3 b6 4. Bg2 d5 5. Nf3 Be7 6. O-O O-O 7. cxd5 exd5 8. Nc3 Bb7 9. Qc2 Na6 10. Bf4 c5 11. Rad1 Qe8 12. Be5 Rc8 13. dxc5 Nxc5 14. Bh3 Rd8 15. Nd4 Nfe4 16. Ncb5 Bf6 17. Bxf6 Nxf6 18. b4 Nce4 19. Nxa7 Nd6 20. Qc7 Nfe4 21. Nac6 1-0

[Event "Eurasia Open Cup 2019"]
[Site "Ekaterinburg"]
[Date "2019.07.31"]
[Round "1.18"]
[White "Vinokur, Yuliya"]
[Black "Drygalov, Andrey"]
[Result "1-0"]
[ECO "D78"]
[WhiteElo "2013"]
[BlackElo "2494"]
[Annotator "ChessBase"]
[PlyCount "55"]
[EventDate "2019.07.31"]
[EventType "swiss"]
[EventCountry "RUS"]
[SourceTitle "playchess.com"]
[Source "ChessBase"]
[SourceQuality "1"]
[TimeControl "5400+30"]

1. d4 Nf6 2. Nf3 g6 3. g3 Bg7 4. Bg2 O-O 5. O-O d5 6. Ne5 c6 7. c4 dxc4 8. Na3 Be6 9. Naxc4 Bd5 10. Qd3 Bxg2 11. Kxg2 Nfd7 12. Nf3 Na6 13. Rd1 Nb6 14. Na5 Nd5 15. Nxc6 Qc7 16. Nce5 Ndb4 17. Qb3 Rad8 18. Bg5 Nd5 19. Rac1 Qb8 20. e4 Nf6 21. Bf4 Rd6 22. Nc4 Nxe4 23. Re1 g5 24. Nxd6 Nxd6 25. Nxg5 Qd8 26. Qd3 Re8 27. Qxh7+ Kf8 28. Be5 1-0

[Event "Eurasia Open Cup 2019"]
[Site "Ekaterinburg"]
[Date "2019.07.31"]
[Round "1.19"]
[White "Drygalov, Sergey"]
[Black "Khmelev, Mikhail"]
[Result "1-0"]
[ECO "E15"]
[WhiteElo "2492"]
[BlackElo "2013"]
[Annotator "ChessBase"]
[PlyCount "105"]
[EventDate "2019.07.31"]
[EventType "swiss"]
[EventCountry "RUS"]
[SourceTitle "playchess.com"]
[Source "ChessBase"]
[SourceQuality "1"]
[TimeControl "5400+30"]

1. d4 Nf6 2. c4 e6 3. Nf3 b6 4. g3 Ba6 5. Qc2 Bb4+ 6. Bd2 Qe7 7. Bg2 c6 8. a3 Bxd2+ 9. Nbxd2 d6 10. O-O O-O 11. e4 e5 12. b4 Nbd7 13. Rfc1 Rac8 14. Qa4 Bxc4 15. dxe5 dxe5 16. Nxc4 b5 17. Qxa7 bxc4 18. Qe3 Ra8 19. Rxc4 Ra6 20. Rac1 Qd6 21. R4c3 Rfa8 22. Bf1 Rb6 23. Rd3 Qe7 24. Nd2 c5 25. bxc5 Rc6 26. Rdc3 Ra5 27. a4 Raxc5 28. Bb5 Rc7 29. Rxc5 Nxc5 30. a5 g6 31. Bf1 Kg7 32. Ra1 Ra7 33. a6 Qd6 34. Rc1 Nfd7 35. Nb3 Nxb3 36. Qxb3 Qd4 37. Qd3 Qxd3 38. Bxd3 Kf6 39. Bb5 Ke7 40. f3 Nf8 41. Kf2 Ne6 42. Ke3 Nd4 43. Bd3 Ne6 44. f4 f6 45. h4 h6 46. Rc6 exf4+ 47. gxf4 g5 48. hxg5 hxg5 49. f5 Nf8 50. Bb5 Nh7 51. Kf3 Nf8 52. Rb6 Rc7 53. Rb7 1-0

[Event "Eurasia Open Cup 2019"]
[Site "Ekaterinburg"]
[Date "2019.07.31"]
[Round "1.20"]
[White "Kharitonov, Egor"]
[Black "Hamitevici, Vladimir"]
[Result "1/2-1/2"]
[ECO "A57"]
[WhiteElo "2387"]
[BlackElo "2480"]
[Annotator "ChessBase"]
[PlyCount "163"]
[EventDate "2019.07.31"]
[EventType "swiss"]
[EventCountry "RUS"]
[SourceTitle "playchess.com"]
[Source "ChessBase"]
[SourceQuality "1"]
[TimeControl "5400+30"]

1. d4 Nf6 2. c4 c5 3. d5 b5 4. cxb5 a6 5. b6 d6 6. Nc3 Nbd7 7. e4 Rb8 8. Nf3 g6 9. Be2 Bg7 10. O-O O-O 11. Nd2 Nxb6 12. a4 Nfd7 13. Ra3 Na8 14. Kh1 Rb4 15. Qc2 f5 16. Na2 Rb8 17. exf5 gxf5 18. Nf3 Nf6 19. Rd1 Qe8 20. Kg1 Kh8 21. Ng5 Nc7 22. Bc4 Qg6 23. Nh3 Nh5 24. Rf3 Be5 25. b3 Rg8 26. Bf1 e6 27. Re3 Nxd5 28. Rxe5 dxe5 29. Bb2 Ng7 30. Bxe5 Rb6 31. a5 Rc6 32. Nc3 Nf6 33. Nf4 Qh6 34. Qe2 Bb7 35. Na4 Rf8 36. Qb2 Kg8 37. h3 Qg5 38. g3 Nfe8 39. Bg2 Qe7 40. Nb6 Rxb6 41. axb6 Bxg2 42. Nxg2 Qb7 43. Qc3 Qxb6 44. Nf4 Rf7 45. Qc4 Rb7 46. Rd3 Qb5 47. Rd8 Kf7 48. Rc8 Qxb3 49. Qxc5 Qb1+ 50. Kh2 Qb6 51. Qxb6 Rxb6 52. Ra8 Rb5 53. Ra7+ Kf8 54. Bxg7+ Nxg7 55. Rxa6 Kf7 56. Kg2 Rb7 57. Nd3 Kf6 58. Ra8 Rd7 59. Ra3 h5 60. h4 Rd6 61. Rc3 e5 62. Nb4 Ne6 63. Rd3 Nd4 64. Nc2 Ke6 65. Nxd4+ exd4 66. Kf3 Ke5 67. Rd1 Rc6 68. Re1+ Kf6 69. Rd1 Ke5 70. Re1+ Kd5 71. Kf4 d3 72. Kxf5 Kd4 73. g4 hxg4 74. Kxg4 Rc2 75. f4 Re2 76. Rd1 Ke4 77. f5 Rg2+ 78. Kh5 Rf2 79. Kg6 Rg2+ 80. Kh5 Rf2 81. Kg6 Rg2+ 82. Kh5 1/2-1/2

[Event "Eurasia Open Cup 2019"]
[Site "Ekaterinburg"]
[Date "2019.07.31"]
[Round "1.21"]
[White "Balashov, Yuri S"]
[Black "Khaliullin, Albert"]
[Result "1/2-1/2"]
[ECO "A31"]
[WhiteElo "2474"]
[BlackElo "2004"]
[Annotator "ChessBase"]
[PlyCount "148"]
[EventDate "2019.07.31"]
[EventType "swiss"]
[EventCountry "RUS"]
[SourceTitle "playchess.com"]
[Source "ChessBase"]
[SourceQuality "1"]
[TimeControl "5400+30"]

1. Nf3 Nf6 2. c4 c5 3. Nc3 b6 4. d4 cxd4 5. Nxd4 Bb7 6. Bg5 Nc6 7. e4 d6 8. Nxc6 Bxc6 9. Bd3 e6 10. O-O Be7 11. Qe2 h6 12. Be3 Qc7 13. Rac1 Qb7 14. f3 O-O 15. Rfd1 Rad8 16. Bb1 Rfe8 17. Qd3 Nd7 18. Nd5 Ne5 19. Nxe7+ Qxe7 20. Qd4 Qh4 21. Bf2 Qg5 22. Bg3 Ng6 23. Qd2 Qh5 24. Qf2 e5 25. Qe3 Nf8 26. Qa3 Ne6 27. Rxd6 Nd4 28. Rxd8 Rxd8 29. Qe3 f6 30. Bd3 Ne6 31. Be2 Qe8 32. Rd1 Rxd1+ 33. Bxd1 Qd7 34. Be2 Nc5 35. Be1 a5 36. Bxa5 Qa7 37. Bb4 Qxa2 38. Ba3 Na4 39. Qd2 Qb3 40. Kf2 Kh7 41. Qd1 Qa2 42. Qc2 Nc5 43. h4 Ba4 44. Qd2 Bb3 45. Qb4 Qb1 46. Qxb6 Nd3+ 47. Bxd3 Qxd3 48. Qe3 Qxc4 49. Kg3 Ba4 50. Bf8 Qf7 51. Bc5 Bb3 52. Qd2 f5 53. exf5 Qxf5 54. Qe3 Qe6 55. Bb4 Bd5 56. Bc3 e4 57. Qd4 Qg6+ 58. Kf2 exf3 59. gxf3 Bc6 60. b4 Qc2+ 61. Bd2 Qf5 62. Qf4 Qd3 63. Be3 Qc2+ 64. Bd2 Qd3 65. Qe3 Qc4 66. Kg3 Qf7 67. Qd3+ Qg6+ 68. Qxg6+ Kxg6 69. Bc3 h5 70. Kf4 Kf7 71. Kg5 Bxf3 72. b5 Ke6 73. b6 Kd7 74. Bxg7 Kc6 1/2-1/2

[Event "Eurasia Open Cup 2019"]
[Site "Ekaterinburg"]
[Date "2019.07.31"]
[Round "1.22"]
[White "Fedorov, Ivan"]
[Black "Kostenko, Petr"]
[Result "0-1"]
[ECO "A21"]
[WhiteElo "1997"]
[BlackElo "2471"]
[Annotator "ChessBase"]
[PlyCount "50"]
[EventDate "2019.07.31"]
[EventType "swiss"]
[EventCountry "RUS"]
[SourceTitle "playchess.com"]
[Source "ChessBase"]
[SourceQuality "1"]
[TimeControl "5400+30"]

1. c4 e5 2. Nf3 d6 3. g3 f5 4. Bg2 Be7 5. O-O c6 6. Nc3 Nf6 7. d3 O-O 8. Qc2 Qe8 9. Bg5 Qh5 10. Rad1 Nbd7 11. e4 Nc5 12. Bxf6 Rxf6 13. d4 exd4 14. Rxd4 f4 15. Re1 fxg3 16. fxg3 Rxf3 17. Bxf3 Qxf3 18. e5 Bh3 19. Rf4 Qd3 20. Qf2 Qg6 21. exd6 Bxd6 22. Rf3 Nd3 23. Rxd3 Qxd3 24. Rd1 Qxd1+ 25. Nxd1 Rf8 0-1

[Event "Eurasia Open Cup 2019"]
[Site "Ekaterinburg"]
[Date "2019.07.31"]
[Round "1.23"]
[White "Kezin, Roman"]
[Black "Makhrov, Alexander"]
[Result "1-0"]
[ECO "E92"]
[WhiteElo "2470"]
[BlackElo "1994"]
[Annotator "ChessBase"]
[PlyCount "85"]
[EventDate "2019.07.31"]
[EventType "swiss"]
[EventCountry "RUS"]
[SourceTitle "playchess.com"]
[Source "ChessBase"]
[SourceQuality "1"]
[TimeControl "5400+30"]

1. d4 Nf6 2. c4 g6 3. Nc3 Bg7 4. e4 d6 5. Nf3 O-O 6. h3 e5 7. d5 Nbd7 8. Bg5 h6 9. Be3 Nc5 10. Nd2 a5 11. Be2 Ne8 12. g4 f5 13. gxf5 gxf5 14. Rg1 Nf6 15. Bxh6 Rf7 16. Bg5 Qf8 17. Qc2 Nfxe4 18. Ndxe4 fxe4 19. Nxe4 Bf5 20. f3 Kh8 21. O-O-O a4 22. Rg4 Bh6 23. Qd2 Nxe4 24. fxe4 Bxg5 25. Rxg5 Bh7 26. Qe3 Rf4 27. Rg4 Qf6 28. Rxf4 exf4 29. Qd4 Qxd4 30. Rxd4 a3 31. c5 axb2+ 32. Kxb2 Re8 33. cxd6 cxd6 34. Bf3 Kg7 35. Rc4 Kf6 36. Kc3 Re7 37. Kd4 Bg6 38. Rb4 Kg5 39. Rb6 Rd7 40. e5 dxe5+ 41. Kxe5 Re7+ 42. Re6 Rd7 43. h4+ 1-0

[Event "Eurasia Open Cup 2019"]
[Site "Ekaterinburg"]
[Date "2019.07.31"]
[Round "1.24"]
[White "Dubnikova, Anastasia"]
[Black "Ulybin, Mikhail"]
[Result "0-1"]
[ECO "A95"]
[WhiteElo "1991"]
[BlackElo "2469"]
[Annotator "ChessBase"]
[PlyCount "174"]
[EventDate "2019.07.31"]
[EventType "swiss"]
[EventCountry "RUS"]
[SourceTitle "playchess.com"]
[Source "ChessBase"]
[SourceQuality "1"]
[TimeControl "5400+30"]

1. d4 e6 2. c4 f5 3. Nc3 Nf6 4. Qc2 Be7 5. g3 d5 6. Bg2 O-O 7. Nf3 c6 8. O-O Bd7 9. Rb1 Be8 10. Bf4 Ne4 11. cxd5 cxd5 12. Qb3 Qb6 13. Nxe4 fxe4 14. Ng5 Bd7 15. Bh3 Rf6 16. Qxb6 axb6 17. Bxb8 Rxb8 18. Bg2 Rff8 19. f4 h6 20. Nh3 Bb5 21. Kf2 e5 22. a4 Ba6 23. b4 exd4 24. b5 Rfc8 25. Rfc1 Rc3 26. f5 Rbc8 27. Rd1 Rc2 28. bxa6 bxa6 29. Kf1 Bc5 30. Rbc1 Rxc1 31. Rxc1 Rf8 32. Nf4 Rxf5 33. Ke1 Kf7 34. Bh3 Re5 35. Kd1 g5 36. Nh5 Kg6 37. g4 a5 38. Ng3 Re7 39. Bg2 Rf7 40. Nf5 h5 41. h3 Rh7 42. Ke1 Kf6 43. Kf2 d3+ 44. e3 Ke5 45. Kg3 Rf7 46. Rf1 h4+ 47. Kh2 Rf8 48. Rc1 d2 49. Rd1 Rxf5 50. gxf5 Bxe3 51. Bf1 d4 52. Be2 Kxf5 53. Kg2 d3 54. Bg4+ Ke5 55. Rb1 Kd5 56. Rb5+ Bc5 57. Kf1 Kc4 58. Rb1 Kc3 59. Bd1 e3 60. Rb3+ Kc4 61. Rb1 Bb4 62. Rb2 Kc3 63. Rb3+ Kd4 64. Rb2 Bc5 65. Rb3 Kc4 66. Rb1 Bd4 67. Rb5 Kc3 68. Rb3+ Kc4 69. Rb5 e2+ 70. Bxe2 dxe2+ 71. Kxe2 Kc3 72. Rd5 b5 73. axb5 a4 74. Kd1 a3 75. b6 Bxb6 76. Rxd2 Bd4 77. Rg2 Be3 78. Re2 Bf4 79. Rf2 Kb3 80. Rf3+ Kb2 81. Rf2+ Kb1 82. Rf3 Bc1 83. Rb3+ Bb2 84. Rxa3 Bxa3 85. Kd2 g4 86. Ke2 gxh3 87. Kf1 Bc5 0-1